[Event "*** Qualifier 1: Titled Tuesday 3|2 Blitz"]
[Site "Chess.com"]
[Date "2017.04.04"]
[Round "9"]
[White "Marcus_Harvey"]
[Black "Schemato"]
[Result "1/2-1/2"]
[WhiteElo "2457"]
[BlackElo "2251"]
[TimeControl "180+2"]
[EndTime "15:08:38 PDT"]
[Termination "Game drawn - insufficient material"]

1. Nf3 c5 2. b3 Nc6 3. Bb2 d6 4.
e3 e5 5. Bb5 Ne7 6. O-O g6 7.
d4 exd4 8. exd4 Bg7 9. Qc1 O-O 10. dxc5 dxc5 11. Bxg7 Kxg7 12. Qb2+ Nd4 13. Rd1 Nf5 14. Nxd4 Nxd4 15. Na3 Qf6 16. c3 Nxb5 17. Nxb5 Be6 18. Nc7 Rad8 19. Nxe6+ Qxe6 20. c4+ Qf6 21. Qxf6+ Kxf6 22. Kf1 h5 23. Ke2 Rfe8+ 24. Kf3 b6 25. a3 a5 26.
Rab1 g5 27. h3 Kf5 28. g4+ hxg4+ 29. hxg4+ Kg6 30. Rd5 Rxd5 31. cxd5 Rd8 32. Ke4 Kf6 33. Rh1 Re8+ 34. Kd3 Re5 35. Rh6+ Ke7 36. Kc4 f6 37.
Rh8 Kd6 38. Rd8+ Kc7 39. Rf8 Re4+ 40. Kb5 Rf4 41. Rf7+ Kd6 42. Kxb6 Kxd5 43. Kxa5 Rxf2 44. b4 cxb4 45. axb4 Ra2+ 46. Kb6 Ke6 47. Rc7 Rf2 48. Rc4 Rf4 49. Kc5 f5 50. gxf5+ Rxf5+ 51. Kc6 Rf4 52.
Kc5 Rxc4+ 53. Kxc4 g4 54. Kd4 Kd6 55. Ke4 Kc6 56.
Kf4 Kb5 57. Kg3 Kxb4 58. Kxg4 1/2-1/2

[Event "*** Qualifier 1: Titled Tuesday 3|2 Blitz"]
[Site "Chess.com"]
[Date "2017.04.04"]
[Round "9"]
[White "yian123"]
[Black "Sebastian"]
[Result "1-0"]
[WhiteElo "2420"]
[BlackElo "2601"]
[TimeControl "180+2"]
[EndTime "15:08:41 PDT"]
[Termination "yian123 won by resignation"]

1. e4 d6 2. d4 Nf6 3. Nc3 g6 4.
Be3 a6 5. h4 b5 6. e5 Ng4 7. Qf3 c6 8. exd6 Qxd6 9. O-O-O Nxe3 10. Qxe3 h5 11. Kb1 Bh6 12. Qe1 O-O 13. Nf3 Bg4 14. Be2 Nd7 15. Nd2 Bf5 16. Nde4 Qe6 17. Ng3 Nf6 18. Bf3 Rac8 19. Nxf5 Qxf5 20. Qxe7 Rfd8 21.
Qe5 Qxe5 22. dxe5 Nd7 23. Rhe1 Nc5 24. Ne4 Nxe4 25. Bxe4 Rxd1+ 26. Rxd1 Re8 27. Bxc6 Rxe5 28. Bb7 a5 29. a3 Re2 30. Rf1 Rd2 31. Bc6 b4 32.
axb4 axb4 33. g3 Bg7 34. Ba4 Bd4 35. f4 Bf2 36. Bb3 Kg7 37. Bc4 f5 38. Bd3 Kf6 39.
Ka2 Bxg3 40. Kb3 Bxh4 41. Kxb4 Bg3 42. Kc3 Rg2 43. b4 h4 44. b5 h3 45. b6 Bf2 46.
Rxf2 h2 47. b7 h1=Q 48. b8=Q Qa1+ 49. Kc4 Qa4+ 50. Kc3 Qa3+ 51. Kc4 Qa4+ 52. Kc3 Qc6+ 53. Kd4 Qd7+ 54. Ke3 Qe6+ 55. Qe5+ 1-0

[Event "*** Qualifier 1: Titled Tuesday 3|2 Blitz"]
[Site "Chess.com"]
[Date "2017.04.04"]
[Round "9"]
[White "sergiochess83"]
[Black "platy3"]
[Result "1-0"]
[WhiteElo "2691"]
[BlackElo "2638"]
[TimeControl "180+2"]
[EndTime "15:08:44 PDT"]
[Termination "sergiochess83 won by resignation"]

1. e4 c5 2. Nf3 Nc6 3. Bb5 d6 4. O-O Bd7 5. Re1 Nf6 6. c3 a6 7. Bf1 Bg4 8. h3 Bxf3 9. Qxf3 e6 10. Qd1 d5 11. exd5 Nxd5 12. Na3 Be7 13. Nc4 Qc7 14.
Qf3 O-O 15. g3 Rad8 16. a4 Bf6 17. a5 Ne5 18. Nxe5 Bxe5 19. Bc4 Rd7 20. d3 Ne7 21. Be3 Rfd8 22. h4 h6 23. h5 Nf5 24. Kg2 Nxe3+ 25. Rxe3 Bf6 26. Qe4 Rd6 27. f4 Qc6 28. Qxc6 Rxc6 29.
Kf3 Kf8 30. g4 Rd7 31. Re4 Bd8 32. Ke2 Bc7 33. Kd2 Re7 34. Kc2 f5 35. gxf5 exf5 36. Rxe7 Kxe7 37. Bd5 Rf6 38. Rg1 Kf8 39. Bxb7 Bxf4 40.
b4 cxb4 41. cxb4 Be3 42. Re1 f4 43. Kc3 Ke7 44. d4 Kd7 45. Kd3 Kc7 46. Be4 Rd6 47.
d5 Rd7 48. Re2 Kd6 49. Rg2 Rf7 50. Rg6+ Rf6 51. Rxg7 Bf2 52. Bf3 Be1 53. Kc4 Ke5 54.
Rg6 Rxg6 55. hxg6 Kf6 56. b5 axb5+ 57. Kxb5 Kxg6 58. a6 Bf2 59. d6 Kf7 60. Kc6 Ke8 61.
Kc7 1-0

[Event "*** Qualifier 1: Titled Tuesday 3|2 Blitz"]
[Site "Chess.com"]
[Date "2017.04.04"]
[Round "9"]
[White "davidarenas1224"]
[Black "biostatistician"]
[Result "0-1"]
[WhiteElo "2331"]
[BlackElo "2461"]
[TimeControl "180+2"]
[EndTime "15:08:48 PDT"]
[Termination "biostatistician won on time"]

1. e4 e6 2. d4 d5 3. Nc3 Nf6 4.
e5 Nfd7 5. f4 c5 6. Nf3 Nc6 7.
Be3 a6 8. Qd2 b5 9. dxc5 Bxc5 10. O-O-O Qb6 11. Bxc5 Nxc5 12. Bd3 b4 13. Ne2 a5 14. Ned4 Nxd4 15. Nxd4 O-O 16. Kb1 a4 17. f5 exf5 18. Bxf5 Bxf5 19. Nxf5 Ne4 20. Qd4 Qe6 21. Rhf1 Rfd8 22. Qxb4 Rab8 23. Qd4 a3 24. b3 Rbc8 25. c4 g6 26. Nh6+ Kg7 27. Nxf7 Rf8 28. Nd6 Qg4 29. Nxe4 dxe4 30. Qd7+ Qxd7 31. Rxd7+ Kh6 32.
Rff7 e3 33. Kc2 Rxf7 34. Rxf7 Rd8 35. Rf3 Rd2+ 36. Kc3 Rxa2 37. Rxe3 Rxg2 38. e6 a2 39. Re1 Re2 40. Ra1 Kg7 41. b4 Kf6 42. Kb3 Rxh2 43. b5 Kxe6 44. Kb4 g5 45. b6 g4 46. Kc5 g3 47. Kc6 Rb2 48. b7 g2 49. Rxa2 Rxa2 50. b8=Q g1=Q 51. Qe8+ Kf5 52. Qh5+ Ke4 53. Qxh7+ Ke3 54.
Qh3+ Kd4 55. Qh4+ Kc3 56. c5 Qg6+ 57. Kd5 Rd2+ 58. Ke5 Re2+ 59. Kf4 Re4+ 0-1

[Event "*** Qualifier 1: Titled Tuesday 3|2 Blitz"]
[Site "Chess.com"]
[Date "2017.04.04"]
[Round "9"]
[White "TheLancer"]
[Black "rasmussvane"]
[Result "1/2-1/2"]
[WhiteElo "2485"]
[BlackElo "2514"]
[TimeControl "180+2"]
[EndTime "15:08:53 PDT"]
[Termination "Game drawn by repetition"]

1. e4 c6 2. d4 d5 3. Nc3 dxe4 4.
Nxe4 Bf5 5. Ng3 Bg6 6. h4 h6 7. Nf3 e6 8. h5 Bh7 9. Bd3 Bxd3 10. Qxd3 Nf6 11. Bd2 c5 12. O-O-O Nc6 13. Be3 Qa5 14. Qb3 O-O-O 15. Kb1 Be7 16. c3 Rd7 17. dxc5 Bxc5 18. Rxd7 Nxd7 19. Nd2 Bxe3 20. Nc4 Qd5 21. Rd1 Bd4 22.
cxd4 Nf6 23. Ne3 Qxb3 24. axb3 Rd8 25. d5 exd5 26. Nef5 Rg8 27. b4 Kd7 28. b5 Ne5 29. Re1 g6 30. Rxe5 gxf5 31. Nxf5 Rxg2 32. Re7+ Kd8 33. Rxb7 Rxf2 34. Nd6 Nxh5 35. Nxf7+ Kc8 36. Nd6+ Kd8 37. Rxa7 Rf6 38. Nf7+ Kc8 39. Ne5 Rb6 40. Rh7 Nf4 41. Nc6 Ne6 42. Rxh6 Nc7 43. Rh8+ Kd7 44. Rd8+ Ke6 45. Na7 Nxb5 46. Nxb5 Rxb5 47. Kc2 Ke5 48.
Kc3 Rc5+ 49. Kd3 Rb5 50. Kc3 Rb7 51. b4 Rc7+ 52. Kd3 Rc1 53. b5 Rb1 54. Rb8 Rb3+ 55. Kc2 Rb4 56. b6 Kd4 57. b7 Rb6 58. Kd2 Rb2+ 59. Kc1 Rb4 60. Kc2 Rb6 61. Kd2 Rb2+ 62. Kc1 Rb5 63. Kc2 Rb4 64. Kd2 Rb1 65. Kc2 Rb6 1/2-1/2

[Event "*** Qualifier 1: Titled Tuesday 3|2 Blitz"]
[Site "Chess.com"]
[Date "2017.04.04"]
[Round "9"]
[White "EvgenyT"]
[Black "justantan"]
[Result "1-0"]
[WhiteElo "2488"]
[BlackElo "2183"]
[TimeControl "180+2"]
[EndTime "15:08:59 PDT"]
[Termination "EvgenyT won by resignation"]

1. Nf3 d5 2. c4 d4 3. e3 Nc6 4. b4 dxe3 5. fxe3 Bg4 6. b5 Ne5 7. Be2 Bxf3 8. Bxf3 Nd3+ 9. Ke2 Rb8 10. Qb3 Nc5 11. Qc3 Nf6 12. d4 Nce4 13. Qd3 Ng5 14. Nc3 e6 15. e4 Nxf3 16. gxf3 g6 17.
Be3 Bg7 18. e5 Nh5 19. Ne4 O-O 20. Ng3 Qh4 21. Rag1 Rbd8 22. Qe4 Qh3 23. Nxh5 Qxh5 24. Rg5 Qh3 25. Rg3 Qf5 26. Qxf5 exf5 27. f4 Rfe8 28.
d5 b6 29. a4 a5 30. Kf3 h5 31. Rg2 Bf8 32. Rc1 Rd7 33. Rd2 Red8 34. Rcd1 Bb4 35. Rd3 Kg7 36. Bf2 Kg8 37. Ke2 Bf8 38. d6 cxd6 39. Bxb6 Re8 40. Kf3 Rb7 41. Bd4 Rc7 42. exd6 Bxd6 43. Bb6 Rxc4 44. Rxd6 Rxa4 45. Rd8 Rxd8 46.
Rxd8+ Kh7 47. Bd4 g5 48. fxg5 Rb4 49. b6 a4 50. Ke3 a3 51. Ra8 f4+ 52. Kd3 Rb3+ 53.
Ke4 Rb4 54. Rxa3 Kg6 55. h4 f5+ 56. gxf6 Kf7 57. Rd3 Kg6 58. Kxf4 Kh6 59. Ke4 Kg6 60. Rg3+ Kh6 61. Rf3 Kh7 62. f7 Rb5 63. f8=Q 1-0

[Event "*** Qualifier 1: Titled Tuesday 3|2 Blitz"]
[Site "Chess.com"]
[Date "2017.04.04"]
[Round "9"]
[White "Buffy7"]
[Black "Alex_Molchanov"]
[Result "1-0"]
[WhiteElo "2540"]
[BlackElo "2383"]
[TimeControl "180+2"]
[EndTime "15:09:01 PDT"]
[Termination "Buffy7 won by resignation"]

1. d4 Nf6 2. c4 e6 3. Nf3 b6 4.
Nc3 Bb4 5. e3 Bb7 6. Bd3 O-O 7.
O-O Bxc3 8. bxc3 d6 9. Ne1 Nbd7 10. f3 d5 11. cxd5 exd5 12. g4 c5 13. Ng2 Rc8 14. Nf4 h6 15. a4 Re8 16. Ra2 Nf8 17. Rg2 Ne6 18. Nxe6 Rxe6 19. Bf5 Re8 20. Bxc8 Bxc8 21. Qd2 Bd7 22. a5 cxd4 23. Qxd4 bxa5 24. c4 dxc4 25.
Bb2 Qb6 26. g5 Qxd4 27. Bxd4 Nd5 28. gxh6 g6 29. Re1 a4 30. Rb2 Bc6 31. Rc1 Nb6 32. e4 f5 33. Bxb6 axb6 34. Rxb6 Ba8 35. Rxg6+ Kh7 36. exf5 Bd5 37. Rd6 Bg8 38. Ra1 Ra8 39. Kf2 a3 40. Rc6 a2 41. Ke3 Ra7 42. Kd4 Bf7 43.
Kc3 Bg8 44. Rd6 Bf7 45. Rd2 Ra3+ 46. Kd4 c3 47. Rc2 Ra5 48. Rxc3 Rxf5 49. Ra3 Kxh6 50. Ke3 Re5+ 51. Kf2 Rh5 52. Kg3 Rg5+ 53. Kf4 Rh5 54. Ra6+ Kg7 55. R1xa2 Bxa2 56. Rxa2 Rh4+ 57. Kg5 Rh3 58. f4 Kf7 59. f5 Rb3 60. Ra7+ Kf8 61. Kg6 Rb2 62. Ra8+ Ke7 63. f6+ Ke6 64. Re8+ Kd7 65. f7 Rg2+ 66. Kh5 Rxh2+ 67. Kg4 Rg2+ 68. Kh3 1-0

[Event "*** Qualifier 1: Titled Tuesday 3|2 Blitz"]
[Site "Chess.com"]
[Date "2017.04.04"]
[Round "9"]
[White "geeeeri"]
[Black "Ilja_Semjonovs"]
[Result "0-1"]
[WhiteElo "2283"]
[BlackElo "2152"]
[TimeControl "180+2"]
[EndTime "15:09:04 PDT"]
[Termination "Ilja_Semjonovs won on time"]

1. e4 e5 2. Nf3 Nc6 3. Bc4 Bc5 4. d3 h6 5. c3 Nf6 6. O-O d6 7. Re1 a5 8. Bb3 O-O 9. h3 Re8 10. d4 Bb6 11. d5 Ne7 12. Nbd2 c6 13. Nc4 Bc7 14. Nfxe5 dxe5 15. d6 Ng6 16. dxc7 Qxc7 17.
Qf3 b5 18. Ne3 a4 19. Bc2 Be6 20. Nf5 Bxf5 21. exf5 Ne7 22. g4 c5 23. Qg3 b4 24. g5 hxg5 25. Bxg5 Nfd5 26. Rxe5 f6 27. Bh6 g6 28. Re6 Qxg3+ 29. fxg3 Nxf5 30. Bxf5 gxf5 31. Rd6 Rad8 32. Rxd8 Rxd8 33. cxb4 Nxb4 34. a3 Nd3 35. Rd1 c4 36. Be3 Kf7 37. Rd2 Re8 38. Bd4 Re4 39. Bc3 f4 40. Kg2 fxg3 41. Kxg3 Re3+ 42. Kg4 Re4+ 43. Kf3 f5 44. Rg2 Rf4+ 45. Ke3 Rh4 46. Rg7+ Ke6 47. Rc7 Rxh3+ 48. Kd4 Ne5 49. Ra7 Rd3+ 50. Kc5 Rd5+ 51. Kb6 f4 52. Rxa4 f3 53.
Bxe5 f2 54. Rxc4 f1=Q 55. Bc3 Qxc4 0-1

[Event "*** Qualifier 1: Titled Tuesday 3|2 Blitz"]
[Site "Chess.com"]
[Date "2017.04.04"]
[Round "9"]
[White "Titus369"]
[Black "Tirantes"]
[Result "1/2-1/2"]
[WhiteElo "2184"]
[BlackElo "2197"]
[TimeControl "180+2"]
[EndTime "15:09:07 PDT"]
[Termination "Game drawn - insufficient material"]

1. e4 e5 2. Nf3 Nc6 3. Bb5 a6 4. Ba4 Nf6 5. d3 d6 6. c3 g6 7. Nbd2 Bg7 8. O-O O-O 9. Re1 Kh8 10.
Nf1 Nh5 11. Ng3 Nf4 12. h3 Qf6 13. d4 Ne7 14. Be3 Be6 15. Bc2 Rad8 16. d5 Bc8 17.
Nh2 h5 18. Qf3 Bh6 19. Ne2 Nxe2+ 20. Rxe2 Qg7 21. Bxh6 Qxh6 22. Qf6+ Kg8 23. Qxe7 Rd7 24. Qf6 Qg7 25. Qxg7+ Kxg7 26. Nf3 f6 27. c4 g5 28. b4 Kg6 29. c5 Rh7 30. cxd6 cxd6 31. h4 Bg4 32. Re3 Rc8 33. Bb3 Rhc7 34. Nh2 gxh4 35. Ree1 Rc3 36. Bd1 Kg5 37. Bf3 R8c4 38. Rab1 b5 39.
Bxg4 hxg4 40. Nf1 Rd4 41. Rec1 Rxc1 42. Rxc1 Rxe4 43. Rc6 Re1 44. Rxd6 h3 45. gxh3 gxh3 46. Rxa6 h2+ 47. Kxh2 Rxf1 48. Kg2 Rd1 49. Ra5 Rd2 50.
a3 Kf4 51. Rxb5 e4 52. Rb6 f5 53. Re6 Rxd5 54. Rc6 Rd2 55. Rc3 Rb2 56. Rh3 Ke5 57. Kf1 f4 58. Rc3 Kd4 59. Rc8 f3 60. Rd8+ Kc3 61.
Rd1 Ra2 62. Re1 Kd3 63. Rb1 Rxa3 64. b5 e3 65. fxe3 Kxe3 66. b6 Ra8 67. b7 Rb8 68. Rb3+ Kd4 69. Kf2 Kc5 70. Kxf3 Kc6 71. Ke4 Rxb7 72.
Rxb7 Kxb7 1/2-1/2

[Event "*** Qualifier 1: Titled Tuesday 3|2 Blitz"]
[Site "Chess.com"]
[Date "2017.04.04"]
[Round "9"]
[White "plouarzel"]
[Black "Bigfish1995"]
[Result "1/2-1/2"]
[WhiteElo "2430"]
[BlackElo "2655"]
[TimeControl "180+2"]
[EndTime "15:09:10 PDT"]
[Termination "Game drawn - insufficient material"]

1. d4 Nf6 2. Nc3 d5 3. e4 dxe4 4. f3 exf3 5. Nxf3 Bg4 6. h3 Bxf3 7. Qxf3 c6 8. Qf2 e6 9. Bd3 Bd6 10. Bd2 Nbd7 11. O-O-O Qe7 12. g4 O-O-O 13. g5 Nd5 14. Ne4 Bc7 15. Rhf1 f5 16. gxf6 N5xf6 17. Rde1 e5 18.
Nxf6 gxf6 19. dxe5 Nxe5 20. Qxa7 Rxd3 21. Rxe5 Qxe5 22. cxd3 Bb8 23. Qf2 Rf8 24. Bc3 Qg5+ 25. Kc2 Bd6 26. Qf5+ Qxf5 27. Rxf5 Be7 28. Kd2 Kd7 29.
Ke3 Ke6 30. Rh5 Rf7 31. Kf3 Bd6 32. Rh6 b5 33. a3 Kf5 34. Rh5+ Kg6 35. Rh4 h5 36.
Rd4 Bc7 37. Re4 Kf5 38. a4 Rd7 39. Ke2 bxa4 40. Rxa4 Re7+ 41. Kf3 Rg7 42. Rh4 Rg3+ 43. Ke2 Kg5 44. Rc4 Be5 45. h4+ Kf5 46. Rxc6 Rg2+ 47.
Kf3 Rg3+ 48. Kf2 Rxd3 49. Ke2 Rh3 50. Rc4 Rh2+ 51. Kf3 Rh3+ 52. Ke2 Rg3 53. Bxe5 fxe5 54. b4 Rb3 55. Kd2 e4 56. Kc2 Rh3 57. Rc5+ Kg4 58. b5 Rf3 59. b6 Rf6 60. Rb5 Rf8 61. b7 Rb8 62. Kd2 Kxh4 63. Ke3 Kg4 64. Kxe4 h4 65. Kd5 h3 66. Kc6 h2 67. Rb1 Rxb7 68. Kxb7 Kg3 69.
Kc6 Kg2 70. Rb2+ Kh3 71. Rxh2+ Kxh2 1/2-1/2

[Event "*** Qualifier 1: Titled Tuesday 3|2 Blitz"]
[Site "Chess.com"]
[Date "2017.04.04"]
[Round "9"]
[White "iaraldinho"]
[Black "stefanodinn"]
[Result "1/2-1/2"]
[WhiteElo "2382"]
[BlackElo "2211"]
[TimeControl "180+2"]
[EndTime "15:09:13 PDT"]
[Termination "Game drawn by agreement"]

1. e4 e5 2. Nf3 Nc6 3. d4 exd4 4. Bc4 Bc5 5. O-O d6 6. c3 dxc3 7. Nxc3 Nf6 8. a3 O-O 9. b4 Bb6 10. h3 Be6 11. Qb3 Bxc4 12. Qxc4 Ne5 13. Nxe5 dxe5 14.
Bg5 Qd4 15. Qxd4 Bxd4 16. Bxf6 Bxc3 17. Rac1 Bb2 18. Rc2 Bxa3 19. Bxe5 Bxb4 20. Rxc7 b5 21. Rb1 Rfe8 22. f4 Ba5 23. Rd7 Bb6+ 24. Bd4 Rxe4 25. Bxb6 axb6 26. Rxb5 Rxf4 27. Rxb6 g6 28. Rb2 h5 29. Kh2 Kg7 30. Rc2 Ra3 31. Rcd2 Rf5 32. Re2 Rc3 33. Rb2 Rcc5 34. Re2 Rcd5 35. Ra7 Rd1 36.
Kg3 g5 37. h4 Rd3+ 38. Kh2 g4 39. Ra1 Rfd5 40. Rf1 Rd1 41. Rf4 R5d4 42. Rf5 Rd5 43. Rf4 R1d4 44. Rf1 Kg6 45. Ref2 f5 46. g3 Rd2 47.
Kg2 Rxf2+ 48. Rxf2 Rd3 49. Ra2 Kf6 50. Ra5 Re3 51.
Ra6+ Re6 52. Ra8 f4 53. gxf4 Kf5 54. Ra5+ Kxf4 55. Rxh5 Re2+ 56. Kf1 Rh2 57. Kg1 Kg3 58. Ra5 Rg2+ 59. Kh1 Rf2 60. Kg1 Rf8 61. h5 Kh3 62. h6 g3 63. h7 Kg4 64. Ra7 Rh8 65. Kg2 Kg5 66. Kxg3 Kg6 67. Kg4 Rxh7 68. Rxh7 1/2-1/2

[Event "*** Qualifier 1: Titled Tuesday 3|2 Blitz"]
[Site "Chess.com"]
[Date "2017.04.04"]
[Round "9"]
[White "AndrewMcStone"]
[Black "Swarajan"]
[Result "1/2-1/2"]
[WhiteElo "2019"]
[BlackElo "2006"]
[TimeControl "180+2"]
[EndTime "15:09:18 PDT"]
[Termination "Game drawn by agreement"]

1. d4 Nf6 2. c4 c5 3. d5 g6 4. Nc3 Bg7 5. e4 O-O 6. Nge2 e6 7. Ng3 exd5 8. cxd5 d6 9. Be2 Re8 10. O-O Na6 11. Bg5 Nc7 12. Qd2 Rb8 13. a4 a6 14. Rab1 b5 15. axb5 axb5 16. b4 c4 17. f3 Bd7 18. Ra1 Ra8 19. Bf4 Rxa1 20. Rxa1 Nfxd5 21. exd5 Bxc3 22. Qxc3 Rxe2 23. Nxe2 Nxd5 24.
Qd4 Nxb4 25. Qxd6 Nd3 26. Ra7 Qh4 27. Bg3 Qg5 28. Ra8+ Kg7 29. Qd4+ Kh6 30. Bf4 Nxf4 31. Qxf4 Qxf4 32. Nxf4 b4 33. Rb8 b3 34. Nd5 Be6 35. Nc3 Kg5 36. Kf2 Kf4 37. g3+ Ke5 38. Ke3 h5 39. f4+ Kd6 40. Kd4 Kc6 41. Ra8 Kb6 42. Rb8+ Kc7 43. Rf8 Kc6 44. Re8 Kd7 45. Rxe6 Kxe6 46. Kxc4 b2 47. Kd4 Kf5 48. Ke3 Kg4 49.
Kf2 f6 50. Kg2 g5 51. h3+ Kf5 52. Kf3 g4+ 53. hxg4+ hxg4+ 54. Ke3 Ke6 55. Kd4 Kd6 56. Ne4+ Kc6 57. Nd2 Kd6 58. Ke4 Ke6 59. f5+ Kd6 60. Kf4 Kd5 61. Kxg4 Kd4 62. Kf3 Kd3 63. Nb1 Kc2 64.
Na3+ Kb3 65. Nb1 Kc2 66. Na3+ Kb3 67. Nb1 Ka2 68. Nd2 1/2-1/2

[Event "*** Qualifier 1: Titled Tuesday 3|2 Blitz"]
[Site "Chess.com"]
[Date "2017.04.04"]
[Round "9"]
[White "AlexanderL"]
[Black "Bengalas"]
[Result "1/2-1/2"]
[WhiteElo "2584"]
[BlackElo "2474"]
[TimeControl "180+2"]
[EndTime "15:09:22 PDT"]
[Termination "Game drawn by agreement"]

1. e4 c5 2. Nc3 e6 3. Nge2 Nc6 4.
g3 Nf6 5. Bg2 Be7 6. O-O O-O 7.
d4 cxd4 8. Nxd4 Qc7 9. h3 d6 10. Be3 a6 11. a4 Bd7 12. Nde2 Na5 13. b3 Rac8 14. Bd2 Rfe8 15. Kh1 Nc6 16. g4 h6 17. Ng3 Ne5 18. f4 Ng6 19. g5 hxg5 20. fxg5 Nh7 21. h4 Nxh4 22. Qh5 Ng6 23. Nge2 Bxg5 24. Bxg5 Qc5 25.
e5 Qxe5 26. Ne4 Bc6 27. N2g3 Nxg5 28. Nxg5 Bxg2+ 29. Kxg2 Rxc2+ 30. Kh3 Nf4+ 31. Rxf4 Qxf4 32. Rf1 Rf2 33. Rxf2 Qxf2 34. Qh7+ Kf8 35. Qh8+ Ke7 36. Qxg7 Rf8 37. Nh7 Rc8 38. Qg5+ Kd7 39. Nf6+ Kc7 40. Nfe4 Rh8+ 41. Nh5 Qf3+ 42. Ng3 Kb8 43. Kh4 Qxb3 44. Qe7 Qc4+ 45. Kg5 Qc5+ 46. Kg4 Rg8+ 47. Kh3 Qd5 48.
Qxf7 Rc8 49. Nf4 Qe5 50. Nxe6 Rc3 51. Nf4 Qg5 52. Ne2 Rxg3+ 53. Nxg3 Qe5 54. Qf8+ Ka7 55.
Qf2+ Kb8 56. Qf8+ Ka7 57. Qf2+ Kb8 58. Nf5 Qc3+ 59. Kg4 Qc4+ 60. Kg5 Qxa4 61. Nxd6 Qc6 62. Qf8+ Kc7 63. Qe7+ Kb6 64. Kf4 Qc1+ 65. Kf5 Qc5+ 66. Ke6 Qe3+ 1/2-1/2

[Event "*** Qualifier 1: Titled Tuesday 3|2 Blitz"]
[Site "Chess.com"]
[Date "2017.04.04"]
[Round "9"]
[White "Th3ChessViking"]
[Black "penguingm1"]
[Result "0-1"]
[WhiteElo "2328"]
[BlackElo "2587"]
[TimeControl "180+2"]
[EndTime "15:09:40 PDT"]
[Termination "penguingm1 won by resignation"]

1. c4 e6 2. g3 Nf6 3. Bg2 d5 4. Nf3 Be7 5. O-O O-O 6. d4 dxc4 7.
Qa4 a6 8. Qxc4 b5 9. Qc2 Bb7 10. Bf4 Nc6 11. Rd1 Nb4 12. Qd2 c5 13. dxc5 Bxc5 14.
Qxd8 Rfxd8 15. Nc3 h6 16. Ne5 Nbd5 17. Nxd5 Nxd5 18. Nd3 Bb6 19. Rac1 Rac8 20. Rxc8 Rxc8 21. Rc1 Nxf4 22. gxf4 Rxc1+ 23. Nxc1 Bc8 24. Bc6 Kf8 25. Nd3 Ke7 26. Kf1 Kd6 27. Bf3 f6 28. e3 a5 29. Ke2 b4 30. Kd2 Bd7 31. b3 Bb5 32. Nb2 Bc7 33. Nc4+ Kc5 34. Nb2 g5 35. fxg5 hxg5 36.
Nd3+ Kb6 37. h3 Bd7 38. Bg2 Bd6 39. Nb2 Kc5 40. Nc4 Bc7 41. Nb2 Kd6 42. Nd3 Ke7 43.
Nb2 Be5 44. Nc4 Bc3+ 45. Kd3 a4 46. Nb6 Bb5+ 47. Nc4 a3 48. Kc2 Be8 49. Kd3 Bg6+ 50. Be4 f5 51. Bg2 Kf6 52. e4 Bh5 53. Nxa3 Be1 54.
Nc2 Bxf2 55. Nxb4 f4 56. Nc6 f3 57. Bf1 Be8 58. Nd4 e5 59. Nxf3 Bb5+ 60. Kc3 Bxf1 61.
h4 g4 0-1

[Event "*** Qualifier 1: Titled Tuesday 3|2 Blitz"]
[Site "Chess.com"]
[Date "2017.04.04"]
[Round "9"]
[White "jeaston1"]
[Black "GM_Donatello"]
[Result "1/2-1/2"]
[WhiteElo "2169"]
[BlackElo "2509"]
[TimeControl "180+2"]
[EndTime "15:09:46 PDT"]
[Termination "Game drawn - insufficient material"]

1. d4 Nf6 2. c4 g6 3. Nc3 d5 4.
cxd5 Nxd5 5. e4 Nxc3 6. bxc3 Bg7 7. Nf3 c5 8. Be3 Qa5 9. Qd2 Nc6 10. Rc1 cxd4 11.
cxd4 Qxd2+ 12. Kxd2 O-O 13. d5 Rd8 14. Kc2 Na5 15. Bd3 b6 16. Kd2 f5 17. exf5 Bxf5 18.
Bxf5 gxf5 19. Ke2 Rxd5 20. Rhd1 Rxd1 21. Rxd1 Rc8 22. Rd7 Nc6 23. Ng5 Bf6 24. h4 Bxg5 25. Bxg5 Kf7 26. f3 Ke6 27. Rb7 Rb8 28. Rxb8 Nxb8 29.
Kd3 Nc6 30. Kc4 Kd6 31. Kb5 e5 32. a4 Kd5 33. Ka6 e4 34. fxe4+ fxe4 35. Kb7 h5 36.
Bf4 Na5+ 37. Kxa7 Nc4 38. Ka6 Kc5 39. g4 hxg4 40. h5 e3 41. h6 e2 42. Bg3 Ne5 43. h7 Ng6 44. Bf2+ Kc6 45. Bg3 Nh8 46. Bf2 Nf7 47. Bg3 Kc5 48. Bf2+ Kb4 49. Kxb6 Kxa4 50. Kc6 Kb3 51. Kd5 Kc2 52. Ke4 Ng5+ 53. Ke3 Nxh7 54.
Kxe2 Nf6 55. Ke3 Nh5 56. Bg3 Kd1 57. Ke4 Ke2 58. Bd6 Kf2 59. Kf5 Kf3 60. Be5 Ng3+ 61. Kg5 Ne4+ 62. Kf5 Nf2 63. Bb8 Nd3 64. Kg5 Nc5 65. Kh4 Ne4 66. Bc7 Nf6 67. Bb8 Nd5 68.
Kg5 Ne3 69. Kh4 Nf1 70. Kg5 Ne3 71. Kh4 Nd1 72. Kg5 Nf2 73. Kh4 Nh3 74. Kh5 Nf4+ 75. Kg5 g3 76. Bxf4 g2 77. Bh2 g1=Q+ 78. Bxg1 1/2-1/2

[Event "*** Qualifier 1: Titled Tuesday 3|2 Blitz"]
[Site "Chess.com"]
[Date "2017.04.04"]
[Round "9"]
[White "Rodalquilar"]
[Black "Rock700chess"]
[Result "1-0"]
[WhiteElo "2547"]
[BlackElo "2229"]
[TimeControl "180+2"]
[EndTime "15:09:57 PDT"]
[Termination "Rodalquilar won by resignation"]

1. d4 Nf6 2. Bf4 b5 3. e3 a6 4. a4 b4 5. h3 e6 6. Nf3 d5 7. Nbd2 a5 8. Bd3 Nc6 9. O-O Be7 10. c3 O-O 11. Qe2 Bb7 12. Rfe1 Bd6 13. Bg5 Be7 14.
e4 dxe4 15. Nxe4 Nd5 16. Bxe7 Ncxe7 17. Nc5 Bc6 18. Ng5 h6 19. Ncxe6 fxe6 20. Qxe6+ Kh8 21. Qe4 Nf6 22. Qh4 bxc3 23. bxc3 Ned5 24. Ne6 Qd6 25. Nxf8 Rxf8 26. c4 Nf4 27. Bf1 Qxd4 28. Qg3 N4h5 29. Qe3 Qd7 30. Rad1 Qf7 31. Qe7 Qxe7 32. Rxe7 Bxa4 33.
Ra1 Bb3 34. Rxa5 Nf4 35. Rxc7 Ne4 36. Raa7 Ne6 37. Re7 N4c5 38. Ra5 Rd8 39. Rb5 Ba4 40. Rb6 Bd7 41. Rd6 Kg8 42. Rexe6 Nxe6 43. f4 Kf8 44. f5 Ke7 45. Rd5 Nf4 46. Rd4 g5 47. g3 Nh5 48. Kh2 Kf6 49. g4 Ng7 50. Rd6+ Kf7 51. c5 Ne8 52. Bc4+ Ke7 53. Rxh6 Rc8 54. Rh7+ Kd8 55. Rg7 Rxc5 56. Rxg5 Rxc4 57. h4 Nf6 58. Kh3 Rc3+ 59. Kh2 Kc7 60. Rg6 Ne4 61. h5 Rc2+ 62.
Kh3 Be8 63. Rg8 Nf6 64. Rg7+ Kd6 65. h6 Rc1 66. Kh2 Rc2+ 67. Kh3 Rc3+ 68. Kh2 Rc2+ 69. Kh3 Bc6 70. g5 Nh5 71. h7 Nxg7 72. h8=Q Rh2+ 73. Kxh2 Nxf5 74. Qf6+ 1-0

[Event "*** Qualifier 1: Titled Tuesday 3|2 Blitz"]
[Site "Chess.com"]
[Date "2017.04.04"]
[Round "9"]
[White "proxy6"]
[Black "jposthuma"]
[Result "1-0"]
[WhiteElo "2219"]
[BlackElo "2224"]
[TimeControl "180+2"]
[EndTime "15:11:12 PDT"]
[Termination "proxy6 won by checkmate"]

1. e4 c6 2. d4 d5 3. e5 c5 4. dxc5 Nc6 5. Nf3 Bg4 6. c3 e6 7. Be3 Bxf3 8. Qxf3 Nxe5 9. Bb5+ Nc6 10. O-O Nf6 11. c4 a6 12. Ba4 Qa5 13. Nc3 Bxc5 14. cxd5 exd5 15. Bxc5 Qxc5 16. Rfe1+ Kf8 17. Rad1 b5 18. Nxd5 bxa4 19. Nxf6 gxf6 20. Rc1 Qg5 21. Rxc6 Kg7 22. Rc4 h5 23. h4 Qg6 24. Rxa4 Rab8 25. b3 Rhd8 26. Rxa6 Rd2 27. Ra5 Rc8 28. Rxh5 Rxa2 29.
Rf5 Rcc2 30. h5 Qh6 31. Qg3+ Kh7 32. Re8 Qg7 33. Qd3 Rd2 34. Qe4 Re2 35. Qxe2 Rxe2 36. Rxe2 Qg4 37. Rf3 Qd4 38. Ree3 Qd1+ 39. Kh2 Qd6+ 40.
g3 Qd5 41. g4 Kg7 42. Kh3 Qd4 43. Rd3 Qb2 44. Rc3 Qb1 45. Kg2 Qe4 46. Kg3 Qb1 47. Kh2 Qe4 48. Rg3 Qf4 49. Kg2 Qe4+ 50. Rcf3 Qb4 51.
g5 fxg5 52. Rxg5+ Kh6 53. Rgf5 Qg4+ 54. Kf1 Qb4 55. Rxf7 Kxh5 56. R7f5+ Kg6 57. R5f4 Qb5+ 58.
Kg2 Qb7 59. Kh3 Qc8+ 60. Kh2 Kg5 61. Rf5+ Kg6 62. Rf8 Qc7+ 63. Rg3+ Kh7 64. Rf5 Kh6 65. Kh3 Qd7 66. Rf3 Qe6 67. Kg4 Qe4+ 68. Kg3 Qb1 69.
Kg2 Qc2 70. R5f4 Kg5 71. b4 Qc6 72. b5 Qb7 73. Rf5+ Kg4 74. Rf4+ Kg5 75. Kg3 Qb8 76. b6 Kh5 77. Kh3 Qc8+ 78. Rf5+ Kg6 79. Kg4 Qc4+ 80.
Kg3 Qc8 81. Rf6+ Kg7 82. b7 Qb8+ 83. Kg2 Kh7 84. Rf8 Qe5 85. b8=Q Qg5+ 86. Qg3 Qxg3+ 87. Rxg3 Kh6 88. Rh8# 1-0

[Event "*** Qualifier 1: Titled Tuesday 3|2 Blitz"]
[Site "Chess.com"]
[Date "2017.04.04"]
[Round "10"]
[White "jcgs1030"]
[Black "Outsmiter"]
[Result "1-0"]
[WhiteElo "2299"]
[BlackElo "2125"]
[TimeControl "180+2"]
[EndTime "15:13:45 PDT"]
[Termination "jcgs1030 won by resignation"]

1. e4 d6 2. d4 Nf6 3. Nc3 g6 4.
f3 Bg7 5. Be3 O-O 6. Qd2 Nbd7 7.
O-O-O e5 8. Nge2 c6 9. h4 h5 10. Kb1 Qe7 11. Bh6 exd4 12. Nxd4 d5 13. Bxg7 Kxg7 14. Qg5 dxe4 15. Nf5+ 1-0

[Event "*** Qualifier 1: Titled Tuesday 3|2 Blitz"]
[Site "Chess.com"]
[Date "2017.04.04"]
[Round "10"]
[White "Aragon"]
[Black "indfraeng"]
[Result "1-0"]
[WhiteElo "2006"]
[BlackElo "1761"]
[TimeControl "180+2"]
[EndTime "15:14:33 PDT"]
[Termination "Aragon won by resignation"]

1. e4 c6 2. d3 d5 3. Nd2 Nd7 4. Ngf3 e6 5. g3 Bd6 6. Bg2 Ngf6 7. O-O O-O 8. Re1 Qc7 9. Qe2 e5 10. Nh4 Nc5 11. Nf5 Bxf5 12. exf5 Qd7 13. g4 e4 14. d4 Na6 15. g5 Qxf5 16. gxf6 Qxf6 17. c3 Qf4 18. Nf1 f5 19. Bxf4 1-0